 Dungeon Crawl Stone Soup version 0.29-a0-553-g81b289dbe5 (webtiles) character file.

Game seed: 14671047864623444156

2077 xian the Covered (level 9, -3/54 HPs)
             Began as a Gargoyle Fighter on June 7, 2022.
             Was a Follower of Wu Jian.
             Slain by Maggie
             ... wielding a +1 vorpal halberd
              (8 damage)
             ... on level 7 of the Dungeon.
             The game lasted 00:18:31 (6532 turns).

xian the Covered (Gargoyle Fighter)                 Turns: 6532, Time: 00:18:31

Health: -3/54      AC: 18    Str: 25    XL:     9   Next: 26%
Magic:  9/9        EV: 11    Int:  8    God:    Wu Jian [*.....]
Gold:   204        SH:  6    Dex: 15    Spells: 8/8 levels left

rFire   . . .      SeeInvis .   k - +0 short sword (drain)
rCold   + . .      Faith    +   c - +0 buckler
rNeg    + . .      Spirit   .   b - +0 scale mail
rPois   ∞          Reflect  .   (no helmet)
rElec   +          Harm     .   (no cloak)
rCorr   .          Rampage  .   n - +0 pair of gloves
Will    .....                   m - +2 pair of boots
Stlth   +.........              i - amulet of faith
HPRegen 0.18/turn               s - ring of protection from cold
MPRegen 0.11/turn               l - +6 ring of dexterity

@: mesmerised
A: sickness immunity, AC +6, negative energy resistance 1, electricity
resistance, torment resistance 1, petrification resistance
a: Renounce Religion


You were on level 7 of the Dungeon.
You worshipped Wu Jian.
Wu Jian was aware of your devotion.
You visited 1 branch of the dungeon, and saw 6 of its levels.
You also visited: Sewer.

You collected 204 gold pieces.

Inventory:

Hand Weapons
 a - a +0 flail
 k - a +0 short sword of draining (weapon)
Missiles
 q - 25 poisoned darts (quivered)
 t - 3 throwing nets
Armour
 b - a +0 scale mail (worn)
 c - a +0 buckler (worn)
 m - a +2 pair of boots (worn)
 n - a +0 pair of gloves (worn)
 y - an orb of mayhem
Jewellery
 i - an amulet of faith (around neck)
 l - a +6 ring of dexterity (right hand)
 s - a ring of protection from cold (left hand)
Scrolls
 r - a scroll of immolation
 v - a scroll of poison {unknown}
Potions
 d - a potion of degeneration {unknown}
 e - 2 potions of haste {unknown}
 f - 2 potions of invisibility
 g - a potion of curing
 h - 2 potions of flight {unknown}
 j - a potion of heal wounds
 o - 2 potions of brilliance {unknown}
 p - a potion of cancellation {unknown}
 u - a potion of resistance {unknown}
 w - a potion of attraction {unknown}
 x - a potion of magic {unknown}


   Skills:
 + Level 5.4 Fighting
 + Level 5.6 Short Blades
 + Level 2.7 Maces & Flails
 + Level 1.2 Throwing
 + Level 7.0 Armour
 + Level 3.1 Dodging
 + Level 2.3 Stealth
 + Level 6.3 Shields


You had 8 spell levels left.
You didn't know any spells.
Your spell library contained the following spells:

 Spells                   Type           Power      Damage    Failure   Level
 Necrotize                Necr           0%         1d4       77%         1
 Sting                    Tmut/Pois      0%         1d3       77%         1
 Poisonous Vapours        Pois/Air       0%         N/A       88%         2
 Vampiric Draining        Necr           0%         2d6       98%         3
 Olgreb's Toxic Radiance  Pois           0%         N/A       100%        4
 Agony                    Necr           0%         N/A       100%        5
 Borgnjor's Revivificati  Necr           0%         N/A       100%        8
 Necromutation            Tmut/Necr      0%         N/A       100%        8
 Death's Door             Necr           0%         N/A       100%        9


Dungeon Overview and Level Annotations

Branches:
Dungeon (5/15)              Sewer (visited)
 Temple: D:4-7

Altars:
Elyvilon
Wu Jian

Shops:
D:3 (

Annotations:
D:7 Maggie


Innate Abilities, Weirdness & Mutations

You are immune to sickness and miasma.
Your stone body is resilient. (AC +6)
You are immune to poison.
You resist negative energy. (rN+)
You are resistant to electric shocks. (rElec)
You are resistant to unholy torment.
You are immune to petrification.


Message History

Maggie is moderately wounded.
Maggie hits you with a +1 vorpal halberd!
You hit Maggie.
Maggie is moderately wounded.
You barely miss Maggie.
Maggie is moderately wounded.
Maggie casts a spell.
Maggie draws you further into her thrall.
You barely miss Maggie.
Maggie is moderately wounded.
Maggie misses you.
You puncture Maggie! You drain Maggie.
Maggie is heavily wounded.
You block Maggie's attack.
You completely miss Maggie.
Maggie is heavily wounded.
Maggie completely misses you.
You hit Maggie but do no damage. You drain Maggie.
Maggie is heavily wounded.
Maggie mumbles some strange words.
Maggie draws you further into her thrall.
You hit Maggie. You drain Maggie.
Maggie is severely wounded.
You hit Maggie but do no damage. You drain Maggie.
Maggie is severely wounded.
Maggie casts a spell at you. The bolt of fire hits you!!
* * * LOW HITPOINT WARNING * * *
You barely miss Maggie.
Maggie is severely wounded.
Maggie looks more healthy.
Maggie casts a spell.
Maggie draws you further into her thrall.
You barely miss Maggie.
Maggie is severely wounded.
You block Maggie's attack.
You hit Maggie.
Maggie is severely wounded.
Maggie hits you with a +1 vorpal halberd!
You die...

#......... .. #.........
... #......... ....
#....##'## ....#######
#....#.... ..........#
#....+....
..........#####....#####
........?...............
......@@................
......$.................
........................
.(..#############.......
.(.. #>...... ...
#......# .. #......#


You could see Maggie (mesmerising, very drained).

Vanquished Creatures
  Grinder (D:3)
  Sigmund (D:2)
  A wyvern (D:7)
  An ice beast (D:7)
  A phantom (D:3)
  A centaur (D:5)
  The ghost of Heh the Skirmisher, an amateur OpWz (D:4)
  5 kobold brigands (Sewer)
  2 bullfrogs (D:7)
  A scorpion (D:5)
  2 hounds (D:5)
  A jelly (D:4)
  An orc priest (D:5)
  3 iguanas
  Natasha (thrice) (D:2)
  3 orc wizards
  9 adders
  11 gnolls
  2 river rats
  A white imp (D:5)
  An ufetubus (D:4)
  8 worms
  5 dart slugs
  12 orcs
  8 ball pythons
  8 endoplasms
  5 giant cockroaches
  7 goblins
  11 hobgoblins
  10 kobolds
  3 quokkas
  7 bats
  15 rats
151 creatures vanquished.

Vanquished Creatures (others)
  A plant (D:1)
1 creature vanquished.

Grand Total: 152 creatures vanquished

Notes
Turn   | Place    | Note
-------+----------+-------------------------------------------
     0 | D:1      | xian the Gargoyle Fighter began the quest for the Orb.
     0 | D:1      | Reached XP level 1. HP: 14/14 MP: 1/1
    32 | D:1      | Reached XP level 2. HP: 15/19 MP: 2/2
   173 | D:1      | Reached XP level 3. HP: 12/24 MP: 3/3
   525 | D:1      | Found a faded altar of an unknown god.
   958 | D:2      | Noticed Natasha
   978 | D:2      | Killed Natasha
   979 | D:2      | Reached XP level 4. HP: 15/29 MP: 4/4
  1211 | D:2      | Noticed Natasha
  1223 | D:2      | Killed Natasha
  1279 | D:2      | Noticed Natasha
  1294 | D:2      | Killed Natasha
  1295 | D:2      | Reached skill level 1 in Short Blades
  1295 | D:2      | Reached XP level 5. HP: 23/33 MP: 5/5
  1399 | D:2      | Noticed Sigmund
  1422 | D:2      | Killed Sigmund
  1423 | D:2      | Reached skill level 4 in Armour
  1423 | D:2      | Reached skill level 1 in Dodging
  1423 | D:2      | Reached XP level 6. HP: 10/38 MP: 6/6
  2041 | D:3      | Noticed Grinder
  2116 | D:3      | Killed Grinder
  2117 | D:3      | Reached skill level 1 in Stealth
  2117 | D:3      | Reached skill level 5 in Shields
  2117 | D:3      | Reached XP level 7. HP: 13/44 MP: 7/7
  2420 | D:3      | Found Kiulix's Antique Weapon Emporium.
  3359 | D:4      | Found a glowing drain.
  3387 | Sewer    | Entered a sewer
  3564 | Sewer    | Reached skill level 5 in Armour
  3629 | Sewer    | Reached XP level 8. HP: 41/48 MP: 8/8
  4599 | D:4      | Found a white marble altar of Elyvilon.
  4672 | D:4      | Found a large runed translucent door.
  4673 | D:4      | Found a large runed translucent door.
  4674 | D:4      | Noticed Heh's ghost (amateur OpWz)
  4730 | D:4      | Killed Heh's ghost
  4959 | D:4      | Found an ornate altar of the Wu Jian Council.
  4967 | D:4      | Became a worshipper of the Wu Jian Council
  5271 | D:5      | Entered Level 5 of the Dungeon
  5283 | D:5      | Reached skill level 6 in Armour
  5311 | D:5      | Reached skill level 5 in Short Blades
  5324 | D:5      | Reached skill level 5 in Fighting
  5551 | D:5      | Reached * piety under Wu Jian
  6104 | D:5      | Reached skill level 1 in Throwing
  6104 | D:5      | Reached XP level 9. HP: 42/54 MP: 9/9
  6234 | D:5      | You fall into a shaft and drop 2 floors!
  6364 | D:7      | Reached skill level 7 in Armour
  6508 | D:7      | Noticed Maggie
  6532 | D:7      | Slain by Maggie

Illustrated notes

Levels and vault maps discovered:
D:1:      lemuel_arrival_lava_pool, layout_rooms,
          shapermc_ecumenical_altar_petra, hex_tiny
D:2:      layout_rooms, uniq_sigmund, uniq_natasha
D:3:      layout_loops_corners, serial_shops, nicolae_shop_crystal, uniq_grinder
D:4:      layout_cave_pools, lemuel_round_altar, lemuel_crystal_altar,
          ebering_ghost_disaster_area, portal_sewer_entry_a,
          minmay_misc_feat_plants
D:5:      layout_layer_cave, ashenzari_altar_1
D:7:      layout_gridville, tso_metal_star, temple_green, nrook_loot_triangle,
          minivault_24, uniq_pikel, uniq_prince_ribbit1, uniq_maggie

Skill      XL: |  1  2  3  4  5  6  7  8  9 |
---------------+----------------------------+-----
Shields        | 4 5 6 |  6.3
Short Blades   | 1 2 3 4 5 |  5.6
Fighting       | 4 5 |  5.4
Armour         | 4 5 6 7 |  7.0
Dodging        | 1 2 3 |  3.1
Stealth        | 1 2 |  2.3
Throwing       | 1 |  1.2
Maces & Flails | |  2.7

Action                   |  1- 3 |  4- 6 |  7- 9 || total
-------------------------+-------+-------+-------++-------
Melee: Flail             |   115 |       |       ||   115
       Short sword       |    44 |   125 |   680 ||   849
Throw: Throwing net      |       |     3 |       ||     3
       Dart              |       |       |    17 ||    17
Invok: Lunge             |       |       |     9 ||     9
       Whirlwind         |       |       |     6 ||     6
  Use: Scroll            |     5 |       |     6 ||    11
       Potion            |       |     3 |     1 ||     4
 Stab: Invisible         |       |     2 |       ||     2
Armor: Scale mail        |   136 |    60 |   358 ||   554
Dodge: Dodged            |   118 |    51 |   276 ||   445
Block: Buckler           |    63 |    27 |   159 ||   249

Table legend: (Time is in decaauts)
 A = Elapsed time spent in this place.
 B = Non-inter-level travel time spent in this place.
 C = Inter-level travel time spent in this place.
 D = Time resting spent in this place.
 E = Time spent auto-exploring this place.
 F = Levels seen in this place.
 G = Mean time per level.
                   A        B        C        D        E       F      G
               +--------+--------+--------+--------+--------+-----+--------+
         Total |   6728 |   6600 |    128 |    321 |   3803 |   7 |  961.1 |
       Dungeon |   5402 |   5274 |    128 |    178 |   3108 |   6 |  900.3 |
         Sewer |   1325 |   1325 |      0 |    143 |    695 |   1 | 1325.0 |
               +--------+--------+--------+--------+--------+-----+--------+

Top non-repeatable levels by time:
     D:3: 1348 daAuts
   Sewer: 1325 daAuts
     D:2: 1064 daAuts
     D:5: 942 daAuts
     D:1: 892 daAuts
     D:4: 864 daAuts
     D:7: 290 daAuts
